 Dungeon Crawl Stone Soup version 0.28-a0-1616-g050a50673c (webtiles) character file.

Game seed: 1315776168365572457

16081 timneilson the Blocker (level 12, -4/109 HPs)
             Began as a Gargoyle Fighter on Jan 23, 2022.
             Was a Believer of Okawaru.
             Slain by a komodo dragon (18 damage)
             ... on level 1 of the Lair of Beasts.
             The game lasted 00:31:39 (15311 turns).

timneilson the Blocker (Gargoyle Fighter)          Turns: 15311, Time: 00:31:39

Health: -4/109     AC: 27    Str: 23    XL:     12   Next: 33%
Magic:  13/13      EV:  9    Int: 17    God:    Okawaru [**....]
Gold:   707        SH: 12    Dex: 15    Spells: 11/11 levels left

rFire   + . .      SeeInvis .   D - +0 scimitar
rCold   . . .      Faith    .   x - +0 kite shield
rNeg    + + +      Spirit   .   e - +1 chain mail "Piti" {rF+ rN+ Stlth-}
rPois   ∞          Reflect  .   j - +0 helmet
rElec   +          Harm     .   o - +0 cloak
rCorr   +          Rampage  .   v - +0 pair of gloves
Will    .....                   C - +0 pair of boots
Stlth   ..........              (no amulet)
HPRegen 0.28/turn               b - +6 ring of dexterity
MPRegen 0.13/turn               y - ring of Bicunwo {rN+ rCorr Int+6 Stlth-}

@: berserking, very quick
A: sickness immunity, AC +8, negative energy resistance 1, electricity
resistance, torment resistance 1, petrification resistance
a: Renounce Religion, Heroism


You were on level 1 of the Lair of Beasts.
You worshipped Okawaru.
Okawaru was pleased with you.
You visited 3 branches of the dungeon, and saw 13 of its levels.
You also visited: Sewer.

You collected 707 gold pieces.

Inventory:

Hand Weapons
 a - a +1 long sword
 D - a +0 scimitar (weapon)
Armour
 e - the +1 chain mail "Piti" (worn) {rF+ rN+ Stlth-}
   (You found it on level 2 of the Dungeon)

   rF:        It protects you from fire.
   rN:        It protects you from negative energy.
   Stlth:     It makes you less stealthy.
 j - a +0 helmet (worn)
 o - a +0 cloak (worn)
 t - a +0 plate armour
 v - a +0 pair of gloves (worn)
 x - a +0 kite shield (worn)
 C - a +0 pair of boots (worn)
Jewellery
 b - a +6 ring of dexterity (left hand)
 g - a ring of ice
 y - the ring of Bicunwo (right hand) {rN+ rCorr Int+6 Stlth-}
   (You found it on level 8 of the Dungeon)

   [ring of intelligence]

   Int:       It affects your intelligence (+6).
   rN:        It protects you from negative energy.
   rCorr:     It protects you from acid and corrosion.
   Stlth:     It makes you less stealthy.
Wands
 d - a wand of flame (30)
 p - a wand of polymorph (6)
 q - a wand of iceblast (1)
 u - a wand of charming (4)
 I - a wand of paralysis (7)
Scrolls
 l - a scroll of fear
 s - 5 scrolls of teleportation
 w - a scroll of fog
 A - a scroll of enchant weapon
Potions
 c - 3 potions of attraction
 h - a potion of haste
 i - a potion of invisibility
 k - 5 potions of brilliance
 m - a potion of magic
 n - 2 potions of ambrosia
 r - 2 potions of mutation
 z - a potion of might
 B - a potion of lignification {unknown}
 E - a potion of curing
Miscellaneous
 G - a tin of tremorstones (2/2)


   Skills:
 + Level 8.0 Fighting
 * Level 8.8 Long Blades
 * Level 10.9 Armour
 + Level 5.4 Dodging
 * Level 10.9 Shields
 + Level 2.0 Invocations
 + Level 5.3 Evocations


You had 11 spell levels left.
You didn't know any spells.
Your spell library contained the following spells:

 Spells                   Type           Power      Damage    Failure   Level
 Magic Dart               Conj           0%         1d3       95%         1
 Pain                     Necr           0%         1d4       95%         1
 Searing Ray              Conj           0%         2d4       99%         2
 Static Discharge         Conj/Air       0%         N/A       99%         2
 Vampiric Draining        Necr           0%         2d6       100%        3
 Fulminant Prism          Conj/Hex       0%         3d6       100%        4
 Iskenderun's Battlesphe  Conj           0%         2d6       100%        5
 Lightning Bolt           Conj/Air       0%         1d11      100%        5
 Iron Shot                Conj/Erth      0%         9d1       100%        6
 Storm Form               Tmut/Air       0%         N/A       100%        7
 Maxwell's Capacitive Co  Air            0%         ∞         100%        8
 Animate Skeleton         Necr           Unusable   N/A       N/A         1
 Summon Lightning Spire   Summ/Air       Unusable   N/A       N/A         4
 Spellforged Servitor     Conj/Summ      Unusable   N/A       N/A         7

Dungeon Overview and Level Annotations

Branches:
Dungeon (11/15)            Temple (1/1) D:5            Lair (1/6) D:9
    Orc (0/2) D:10          Sewer (visited)

Altars:
Ashenzari
Cheibriados
Dithmenos
Elyvilon
Fedhas
Gozag
Hepliaklqana
Kikubaaqudgha
Makhleb
Nemelex Xobeh
Okawaru
Qazlal
Ru
Sif Muna
Trog
Uskayaw
Vehumet
Wu Jian
Xom
Yredelemnul
Zin
The Shining One

Annotations:
D:4 exclusion: statue


Innate Abilities, Weirdness & Mutations

You are immune to sickness and miasma.
Your stone body is resilient. (AC +8)
You are immune to poison.
You resist negative energy. (rN+)
You are resistant to electric shocks. (rElec)
You are resistant to unholy torment.
You are immune to petrification.


Message History

You slash the komodo dragon!
The komodo dragon is almost dead.
You block the komodo dragon's attack.
You barely miss the komodo dragon.
The komodo dragon is almost dead.
The komodo dragon bites you!
* * * LOW HITPOINT WARNING * * *
You slash the komodo dragon!
You kill the komodo dragon!
Okawaru accepts your kill. The komodo dragon bites you!
* * * LOW HITPOINT WARNING * * *
Your Invocations skill increases to level 2!
Unknown command.
You feel like a meek peon again. The komodo dragon barely misses you.
You completely miss the komodo dragon. The komodo dragon bites you.
* * * LOW HITPOINT WARNING * * *
The komodo dragon bites you.
* * * LOW HITPOINT WARNING * * *
A red film seems to cover your vision as you go berserk!
You feel yourself moving faster!
You feel mighty! You block the komodo dragon's attack.
You slash the komodo dragon!
The komodo dragon is lightly wounded.
You slash the komodo dragon!
The komodo dragon is moderately wounded.
You block the komodo dragon's attack.
You hit the komodo dragon.
The komodo dragon is heavily wounded.
You block the komodo dragon's attack.
You hit the komodo dragon.
The komodo dragon is heavily wounded.
You closely miss the komodo dragon.
The komodo dragon is heavily wounded.
You block the komodo dragon's attack.
You hit the komodo dragon.
The komodo dragon is heavily wounded.
The komodo dragon bites you!!
You die...

#### ##..######
#....##..######
#.....#.......#
#.....#.......#
#.............##
#.....#........
#.....#†.#P##.#
#........# ##@#
###..###..####l###
#...####.........#
#.#†###..........##
#................P#
####..#.<#...#....###
P###...............#
......................
.......................


You could see a komodo dragon.

Vanquished Creatures
  A fire dragon (D:7)
  3 hydras
  A two-headed ogre (D:10)
  Nergalle (D:11)
  A deep elf pyromancer (D:7)
  A necromancer (D:11)
  Joseph (D:8)
  Maurice (D:11)
  A cane toad (Lair:1)
  Psyche (D:8)
  A komodo dragon (Lair:1)
  A kobold demonologist (D:7)
  2 trolls
  Grinder (D:5)
  2 hornets
  A slime creature (D:7)
  A wraith (D:10)
  2 wyverns
  A shadow (D:11)
  18 yaks
  4 wargs (D:10)
  Edmund (D:5)
  2 water moccasins
  Duvessa (D:5)
  Pargi (Sewer)
  A black bear (D:6)
  4 ice beasts
  4 orc warriors
  3 sky beasts
  3 necrophages
  5 centaurs
  3 kobold brigands
  5 bullfrogs
  2 gnoll sergeants
  A wyvern skeleton (D:7)
  A scorpion (D:5)
  A jelly (D:8)
  Dowan (D:5)
  3 vampire bats (D:9)
  A killer bee (D:7)
  5 electric eels
  3 howler monkeys
  4 hounds
  2 orc priests
  8 centaur zombies
  2 bullfrog skeletons (D:7)
  Terence (D:2)
  A centaur skeleton (D:7)
  4 orc wizards
  3 iguanas
  3 polar bear simulacra (D:11)
  2 yak simulacra (D:11)
  4 wolf simulacra (D:11)
  A killer bee zombie (D:7)
  A howler monkey zombie (D:8)
  Robin (D:2)
  9 gnolls
  4 adders
  A shadow imp (D:7)
  A white imp (D:7)
  2 ufetubi (D:5)
  An adder zombie (D:5)
  3 worms
  2 dart slugs (D:2)
  13 orcs
  3 bats
  4 bat skeletons (D:9)
  3 bat zombies (D:9)
  5 endoplasms
  2 giant cockroaches
  13 goblins
  12 hobgoblins
  5 jackals
  7 quokkas
  4 ball pythons
  3 frilled lizards (D:2)
  13 kobolds
  6 rats
  2 river rat simulacra (D:11)
252 creatures vanquished.

Vanquished Creatures (others)
  A fungus (Lair:1)
1 creature vanquished.

Grand Total: 253 creatures vanquished

Notes
Turn   | Place    | Note
-------+----------+-------------------------------------------
     0 | D:1      | timneilson the Gargoyle Fighter began the quest for the
                  | Orb.
     0 | D:1      | Reached XP level 1. HP: 14/14 MP: 1/1
    11 | D:1      | Found a faded altar of an unknown god.
   279 | D:1      | Reached XP level 2. HP: 19/19 MP: 2/2
  1142 | D:2      | You fall into a shaft and drop 1 floor!
  1247 | D:3      | Reached XP level 3. HP: 23/23 MP: 3/3
  1281 | D:3      | Found a glowing drain.
  1299 | Sewer    | Entered a sewer
  1474 | Sewer    | Noticed Pargi
  1488 | Sewer    | Killed Pargi
  1489 | Sewer    | Reached XP level 4. HP: 4/29 MP: 4/4
  1489 | Sewer    | Reached XP level 5. HP: 5/33 MP: 5/5
  1777 | D:3      | Reached skill level 1 in Dodging
  1788 | D:3      | HP: 1/33 [orc wizard (2)]
  1910 | D:2      | Identified the +1 chain mail "Piti" {rF+ rN+ Stlth-}
  1973 | D:2      | Noticed Robin
  2025 | D:2      | Killed Robin
  2284 | D:2      | Reached XP level 6. HP: 38/38 MP: 6/6
  2463 | D:2      | Noticed Terence
  2472 | D:2      | Killed Terence
  2981 | D:3      | Found a shimmering blue altar of Sif Muna.
  3507 | D:4      | Reached skill level 5 in Armour
  3511 | D:4      | Reached skill level 5 in Shields
  3701 | D:4      | Found a radiant altar of Vehumet.
  4314 | D:5      | Entered Level 5 of the Dungeon
  4314 | D:5      | Noticed Grinder
  4391 | D:5      | Noticed Dowan
  4392 | D:5      | Noticed Duvessa
  4412 | D:5      | Killed Duvessa
  4413 | D:5      | Reached XP level 7. HP: 31/43 MP: 7/7
  4431 | D:5      | Killed Dowan
  4612 | D:5      | Paralysed by Grinder for 3 turns
  4624 | D:5      | Killed Grinder
  4829 | D:5      | Noticed Edmund
  4849 | D:5      | Killed Edmund
  4850 | D:5      | Reached XP level 8. HP: 39/48 MP: 8/8
  5015 | D:5      | Found a staircase to the Ecumenical Temple.
  5024 | Temple   | Entered the Ecumenical Temple
  5356 | D:5      | Found an iron altar of Okawaru.
  5950 | D:6      | Reached skill level 1 in Evocations
  6132 | D:6      | Reached skill level 5 in Fighting
  6540 | D:6      | Reached skill level 5 in Long Blades
  6654 | D:6      | Found a glowing golden altar of the Shining One.
  6717 | D:6      | Reached XP level 9. HP: 54/54 MP: 9/9
  6775 | D:6      | Found a sacrificial altar of Ru.
  7488 | D:7      | Found a burning altar of Makhleb.
  7910 | D:7      | Noticed a kobold demonologist
  7913 | D:7      | Killed a kobold demonologist
  8306 | D:7      | Noticed a deep elf pyromancer
  8306 | D:7      | Noticed a fire dragon
  8586 | D:8      | Noticed Joseph
  8613 | D:8      | Killed Joseph
  8614 | D:8      | Reached XP level 10. HP: 15/60 MP: 10/10
  9379 | D:8      | Identified the ring of Bicunwo {rN+ rCorr Int+6 Stlth-}
  9502 | D:8      | Noticed Psyche
  9513 | D:8      | Killed Psyche
 10532 | D:9      | Found a hide-covered altar of Uskayaw.
 10535 | D:9      | Found a staircase to the Lair.
 10546 | D:9      | Noticed a seven-headed hydra
 10556 | D:9      | Killed a seven-headed hydra
 10666 | D:9      | Reached XP level 11. HP: 55/66 MP: 11/11
 10800 | D:9      | Found an ancient bone altar of Kikubaaqudgha.
 11034 | D:10     | Entered Level 10 of the Dungeon
 11510 | D:10     | Noticed a two-headed ogre
 11816 | D:10     | Killed a two-headed ogre
 11827 | D:10     | Reached skill level 10 in Shields
 11904 | D:10     | Found a sparkling altar of Nemelex Xobeh.
 11974 | D:10     | Reached skill level 10 in Armour
 12238 | D:10     | Found a staircase to the Orcish Mines.
 12655 | D:11     | Noticed Maurice
 12700 | D:11     | Killed Maurice
 12917 | D:11     | Noticed Nergalle
 12941 | D:11     | Killed Nergalle
 13034 | D:11     | Reached skill level 5 in Dodging
 13134 | D:11     | Noticed a necromancer
 13153 | D:11     | Killed a necromancer
 14228 | D:5      | Became a worshipper of Warmaster Okawaru
 14310 | D:7      | Killed a fire dragon
 14311 | D:7      | Reached skill level 5 in Evocations
 14321 | D:7      | Reached XP level 12. HP: 64/73 MP: 12/12
 14384 | D:7      | Reached * piety under Okawaru
 14440 | D:7      | Reached skill level 1 in Invocations
 15123 | Lair:1   | Entered Level 1 of the Lair of Beasts
 15160 | Lair:1   | Noticed a four-headed hydra
 15164 | Lair:1   | Killed a four-headed hydra
 15193 | Lair:1   | Noticed a six-headed hydra
 15199 | Lair:1   | Killed a six-headed hydra
 15199 | Lair:1   | Reached ** piety under Okawaru
 15228 | Lair:1   | HP: 1/73 [komodo dragon (7)]
 15311 | Lair:1   | Slain by a komodo dragon

Illustrated notes

Levels and vault maps discovered:
D:1:      minmay_arrival_three_doors, layout_loops_ring,
          ebering_ecumenical_altar_sacrificial
D:2:      layout_loops_ring, uniq_terence, uniq_robin
D:3:      layout_basic, lemuel_tele_altar, serial_aquarium,
          aquarium_bridge_square [aquarium_subvault_bridge,
          aquarium_subvault_bridge, aquarium_subvault_window,
          aquarium_subvault_bridge], aquarium_window_corner, aquarium_window_3,
          aquarium_window_fake, aquarium_window_corner, aquarium_view_2e,
          cheibrodos_sewer_entry_sluice
D:4:      layout_basic, vehumet_statue
D:5:      layout_basic, general_overflow_altar, minmay_temple_entry_large_hall,
          uniq_grinder, uniq_duvessa, uniq_edmund
D:6:      layout_gridville, nicolae_ru_path_of_blood,
          mainiacjoe_overflow_alcove_2, minmay_misc_feat_x
D:7:      nzn_winding_woodlands_three_and_one
          [nzn_winding_woodlands_5x15_river_crossing,
          nzn_winding_woodlands_5x15_pockets,
          nzn_winding_woodlands_5x15_default,
          nzn_winding_woodlands_center_pierced_h], layout_cave_pods,
          mainiacjoe_overflow_surrounded_room, minmay_misc_feat_room
D:8:      layout_gridville, uniq_joseph, uniq_psyche
D:9:      nicolae_cairo_tiling_large_dashed, layout_long_grid,
          kennysheep_vampire_church, mainiacjoe_overflow_small_starburst,
          kennysheep_generic_room_2
D:10:     layout_basic, mainiacjoe_overflow_boulevard,
          minmay_orc_entry_guard_dogs, roderic_nine_men_s_morris
D:11:     layout_irregular_city, chequers_jeans, eino_house_with_fridge,
          uniq_nergalle, uniq_maurice
Temple:   dshaligram_water_room_temple
Lair:1:   layout_gridlike, grunt_megastairs_5

Skill      XL: |  1  2  3  4  5  6  7  8  9 10 11 12 |
---------------+-------------------------------------+-----
Long Blades    | 2 3 4 5 6 7 8 |  8.8
Armour         | 4 5 6 8 9 10 | 10.9
Shields        | 4 5 6 8 9 10 | 10.9
Dodging        | 1 2 3 4 5 |  5.4
Fighting       | 4 5 6 7 8 |  8.0
Evocations     | 1 3 4 5 |  5.3
Invocations    | 2 |  2.0

Action                   |  1- 3 |  4- 6 |  7- 9 | 10-12 || total
-------------------------+-------+-------+-------+-------++-------
Melee: Long sword        |   103 |   231 |   451 |   406 ||  1191
       Scimitar          |       |       |       |   347 ||   347
Invok: Heroism           |       |       |       |     1 ||     1
Evoke: Wand              |       |       |     3 |    21 ||    24
  Use: Scroll            |     3 |     5 |     7 |     6 ||    21
       Potion            |     1 |     3 |     1 |     6 ||    11
Armor: Scale mail        |    71 |    48 |       |       ||   119
       Chain mail        |       |   132 |   321 |   446 ||   899
Dodge: Dodged            |    37 |   120 |   160 |   298 ||   615
Block: Buckler           |    16 |    83 |   155 |       ||   254
       Kite shield       |       |       |    11 |   471 ||   482

Table legend: (Time is in decaauts)
 A = Elapsed time spent in this place.
 B = Non-inter-level travel time spent in this place.
 C = Inter-level travel time spent in this place.
 D = Time resting spent in this place.
 E = Time spent auto-exploring this place.
 F = Levels seen in this place.
 G = Mean time per level.
                   A        B        C        D        E       F      G
               +--------+--------+--------+--------+--------+-----+--------+
         Total |  15618 |  14859 |    759 |   1525 |   9230 |  14 | 1115.6 |
       Dungeon |  14851 |  14112 |    739 |   1420 |   8891 |  11 | 1350.1 |
        Temple |     90 |     70 |     20 |      0 |     60 |   1 |   90.0 |
          Lair |    186 |    186 |      0 |      0 |      0 |   1 |  186.0 |
         Sewer |    489 |    489 |      0 |    105 |    279 |   1 |  489.0 |
               +--------+--------+--------+--------+--------+-----+--------+

Top non-repeatable levels by time:
     D:7: 1807 daAuts
     D:9: 1806 daAuts
     D:5: 1540 daAuts
     D:6: 1475 daAuts
    D:11: 1428 daAuts
     D:8: 1389 daAuts
    D:10: 1292 daAuts
     D:1: 1133 daAuts
     D:2: 1128 daAuts
     D:4: 1032 daAuts
     D:3: 816 daAuts
   Sewer: 489 daAuts
  Lair:1: 186 daAuts
  Temple: 90 daAuts
